 Dungeon Crawl Stone Soup version 0.28.0-45-g0d030f2227 (webtiles) character file.

Game seed: 12950860300911880794

59 101zpm the Magician (level 4, -3/31 HPs)
             Began as a Djinni Ice Elementalist on Apr 17, 2022.
             Killed from afar by a white imp (12 damage)
             ... with a puff of frost
             ... summoned by Natasha
             ... on level 3 of the Dungeon.
             The game lasted 00:04:42 (2539 turns).

101zpm the Magician (Djinni Ice Elementalist)       Turns: 2539, Time: 00:04:44

Health: -3/31      AC:  3    Str:  7    XL:     4   Next: 22%
Gold:   46         EV: 12    Int: 19    God:
                   SH:  0    Dex: 13

rFire   + + .      SeeInvis .   c - +0 hunting sling
rCold   x . .      Faith    .   (no shield)
rNeg    . . .      Spirit   .   a - +0 robe
rPois   ∞          Reflect  .   h - +0 helmet
rElec   .          Harm     .   (no cloak)
rCorr   .          Rampage  .   (no gloves)
Will    .....                   (boots unavailable)
Stlth   ++........              (no amulet)
HPRegen 0.10/turn               (no ring)
MPRegen 0.00/turn               (no ring)

@: freezing walls, flying, slowed, very slow
A: sickness immunity, fire resistance 2, cold vulnerability 1, float, innate
caster, HP casting, extra vitality 1
a: no special abilities


You were on level 3 of the Dungeon.
You visited 1 branch of the dungeon, and saw 3 of its levels.

You collected 46 gold pieces.

Inventory:

Hand Weapons
 c - a +0 hunting sling (weapon)
Missiles
 b - 26 stones (quivered ammo)
Armour
 a - a +0 robe (worn)
 h - a +0 helmet (worn)
Jewellery
 l - a ring of resist corrosion
Scrolls
 d - a scroll of teleportation {unknown}
 e - a scroll of immolation {unknown}
 g - a scroll of torment {unknown}
 j - a scroll of vulnerability {unknown}
 k - 2 scrolls of identify {unknown}
Potions
 i - a potion of haste {unknown}
 m - a potion of berserk rage {unknown}


   Skills:
 + Level 0.7 Fighting
 + Level 1.3 Slings
 + Level 2.3 Dodging
 + Level 1.7 Stealth
 + Level 3.8 Spellcasting


You couldn't memorise any spells.
You knew the following spells:

 Your Spells              Type           Power      Damage    Failure   Level
a - Freeze                Ice            72%        1d9       3%          1
b - Frozen Ramparts       Ice            36%        1d5       9%          3
c - Ozocubu's Armour      Ice            18%        N/A       9%          3
d - Hailstorm             Conj/Ice       18%        3d6       28%         4
e - Magic Dart            Conj           72%        1d6       3%          1
Your spell library was empty.

Dungeon Overview and Level Annotations

Branches:
Dungeon (3/15)

Altars:

Annotations:
D:2 Sigmund
D:3 Natasha


Innate Abilities, Weirdness & Mutations

You are immune to sickness and miasma.
You are immune to poison.
Your flesh is very heat resistant. (rF++)
You are vulnerable to cold. (rC-)
You float through the air rather than walking.
You learn spells naturally, not from books.
Your magical power is your life essence.
You have superior vitality. (+4 MHP)


Message History

Press: ? - help, Q - select action, (/) - cycle Shift-Dir - straight line, f/p - Natasha
Aim: Natasha (lightly wounded, 47% to hit)
You shoot a stone. The stone closely misses Natasha.
Natasha casts a spell at you. You resist with some effort.
Fire: 27 stones
Press: ? - help, Q - select action, (/) - cycle Shift-Dir - straight line, f/p - Natasha
Aim: Natasha (lightly wounded, 47% to hit)
You shoot a stone. The stone barely misses Natasha.
The stone closely misses the hobgoblin.
The stone hits the plant.
The plant begins to die.
The plant is lightly damaged.
You hear a splash.
Natasha claws you. Natasha barely misses you.
Natasha mumbles some strange words.
Natasha's front paws start to glow.
Natasha stares at you and mumbles some strange words.
You resist with some effort. The hobgoblin barely misses you.
Natasha mumbles some strange words.
Natasha glows brightly for a moment.
Natasha claws you! The hobgoblin misses you.
Natasha mumbles some strange words.
Casting: Freeze (safe; 3% risk of failure)
Confirm with . or Enter, or press ? or * to list all spells.
The spell is quite dangerous to miscast (9% risk of failure)!
Continue anyway?
Casting: Frozen Ramparts (quite dangerous; 9% risk of failure)
Press: ? - help, Dir - look around, f - activate The walls around you are covered in ice.
* * * LOW HITPOINT WARNING * * *
The wall freezes the hobgoblin.
The hobgoblin closely misses you.
The white imp resists.
The wall freezes the white imp.
The wall freezes Natasha.
The wall freezes the hobgoblin.
You kill the hobgoblin!
The white imp completely resists.
The wall freezes the white imp but does no damage.
The white imp gestures at you. The puff of frost hits you!
You feel a terrible chill!
You die...

.#. .. .. .. ## .. .. ♣ ♣♣≈♣ .
.. P≈♣≈PP ##. #. ≈≈≈≈≈≈♣ #.#
.# #. ≈≈≈≈≈≈≈## #.# .# ##
≈≈≈≈≈≈≈≈#######.## ###.## #
≈≈≈≈≈P≈P♣..h†@...####≈≈≈≈♣#
PP≈≈.≈≈.♣.55#####.##≈≈≈P≈≈♣
≈≈....≈...).# ##.≈≈≈≈≈≈P♣♣♣♣
...(........#####..≈≈≈≈≈P≈≈≈≈≈
.....≈.≈≈≈♣###.........[......
((PP≈≈≈P♣≈P #.##..♣≈≈≈≈≈≈≈≈≈≈
(P≈≈≈≈≈♣P### # ####♣P≈≈≈≈≈≈≈≈
≈P≈♣≈≈≈♣# #≈≈≈≈≈≈P♣≈ ♣♣♣♣♣♣♣
#####P♣♣≈≈###


You could see Natasha, a white imp (summoned) and a shadow imp (summoned).

Vanquished Creatures
  2 adders
  A worm (D:2)
  2 dart slugs (D:2)
  4 endoplasms
  5 hobgoblins
  A quokka (D:1)
  3 ball pythons (D:2)
  A bat (D:1)
  A frilled lizard (D:1)
  5 goblins
  6 kobolds
  4 rats
35 creatures vanquished.

Vanquished Creatures (others)
  3 plants (D:3)
3 creatures vanquished.

Grand Total: 38 creatures vanquished

Notes
Turn   | Place    | Note
-------+----------+-------------------------------------------
     0 | D:1      | 101zpm the Djinni Ice Elementalist began the quest for the
                  | Orb.
     0 | D:1      | Reached XP level 1. HP: 15/15 MP: 0/0
    91 | D:2      | Reached XP level 2. HP: 21/21 MP: 0/0
   501 | D:2      | Noticed a phantom
   525 | D:1      | Reached XP level 3. HP: 23/25 MP: 0/0
   525 | D:1      | Learned a level 1 spell: Magic Dart
  1533 | D:2      | HP: 1/26 [phantom (4)]
  1548 | D:2      | HP: 1/26 [phantom (2)]
  1582 | D:1      | You are sucked into a shaft and drop 1 floor!
  1582 | D:2      | Noticed Sigmund
  1999 | D:2      | Reached skill level 1 in Slings
  2199 | D:3      | Reached XP level 4. HP: 14/31 MP: 0/0
  2523 | D:3      | Noticed Natasha
  2539 | D:3      | Killed from afar by a white imp

Illustrated notes

Levels and vault maps discovered:
D:1:      minmay_arrival_five_plusses, layout_basic
D:2:      layout_basic, uniq_jessica, uniq_sigmund
D:3:      layout_loops_ring, serial_bayou, serial_bayou_ford_a,
          serial_bayou_shore_b, serial_bayou_lagoon_b,
          wander_ebering_terrifying_dragon_lair, uniq_natasha

Skill      XL: |  1  2  3 |
---------------+----------+-----
Slings         | 1 |  1.3
Fighting       | |  0.7
Dodging        | |  2.3
Stealth        | |  1.7
Spellcasting   | |  3.8

Action                   |  1- 3 |  4- 6 || total
-------------------------+-------+-------++-------
Melee: Unarmed           |     5 |       ||     5
 Fire: Hunting sling     |   123 |    13 ||   136
 Cast: Freeze            |     5 |     1 ||     6
       Frozen Ramparts   |     3 |     1 ||     4
       Ozocubu's Armour  |     1 |       ||     1
 Stab: Sleeping          |     1 |       ||     1
Armor: Robe              |     8 |       ||     8
Dodge: Dodged            |    39 |     4 ||    43
